 Dungeon Sprint DCSS version 0.31-a0-664-g902f515a81 (webtiles) character file.

Game seed: 11454834143799398350

8102 Conn the Eclecticist (level 11, -2/69 HPs)
             Began as an Octopode Fire Elementalist on Sept 2, 2023.
             Was a High Priest of Sif Muna.
             Slain by an unseen horror (7 damage)
             ... in the Dungeon (Sprint I: "Red Sonja").
             The game lasted 00:17:13 (2181 turns).

Conn the Eclecticist (Octopode Fire Elementalist)   Turns: 2181, Time: 00:17:13

Health: -2/69      AC:  1    Str:  7      XL:     11   Next: 25%
Magic:  7/30       EV: 14    Int: 27 (28) God:    Sif Muna [*****.]
Gold:   1039       SH:  0    Dex: 10 (11) Spells: 12/41 levels left

rFire   . . .        j - +0 short sword (distort)
rCold   . . .        (no shield)
rNeg    . . .        (helmet restricted)
rPois   .            (no amulet)
rElec   .            m - +6 ring of intelligence
rCorr   .            (no ring)
SInv    .            (no ring)
Will    .....        (no ring)
Stlth   ++++         (no ring)
HPRegen 0.31/turn    (no ring)
MPRegen 0.22/turn    (no ring)
                     (no ring)

%: no teleportation
@: no status effects
A: almost no armour, amphibious, 8 rings, camouflage 1, gelatinous body 1,
(nimble swimmer 1), tentacles, clumsy 1, deterioration 1
a: Renounce Religion, Channel Magic, Forget Spell, Divine Exegesis


You were in the Dungeon.
You worshipped Sif Muna.
Sif Muna was extremely pleased with you.
You visited 1 branch You collected 1775 gold pieces.
You spent 736 gold pieces at shops.

Inventory:

Hand Weapons
 g - a +0 dagger
 h - a +2 heavy scythe
 j - a +0 short sword of distortion (weapon)
Missiles
 k - a curare-tipped dart (quivered)
Jewellery
 m - a +6 ring of intelligence (left tentacle)
Wands
 e - a wand of paralysis (5)
 i - a wand of mindburst (12)
Scrolls
 l - a scroll of identify
 n - a scroll of silence
Potions
 a - 3 potions of magic
 b - 2 potions of curing
 d - a potion of haste
 f - a potion of ambrosia {unknown}


   Skills:
 * Level 4.2 Fighting
 + Level 0.8 Throwing
 + Level 4.4 Dodging
 + Level 5.9 Stealth
 + Level 15.8 Spellcasting
 * Level 9.9 Conjurations
 + Level 3.0 Hexes
 + Level 5.2 Summonings
 + Level 13.7 Fire Magic
 + Level 4.8 Air Magic
 * Level 2.0 Earth Magic
 + Level 2.0 Poison Magic
 * Level 4.5 Invocations
 - Level 5.9 Evocations


You had 12 spell levels left.
You knew the following spells:

 Your Spells              Type           Power      Damage    Failure   Level
a - Foxfire               Conj/Fire      100%       2x1d9     1%          1
b - Scorch                Fire           100%       2d9       0%          2
c - Inner Flame           Hex/Fire       61%        N/A       1%          3
d - Flame Wave            Conj/Fire      71%        2d16      1%          4
e - Mephitic Cloud        Conj/Pois/Air  51%        N/A       1%          3
f - Call Imp              Summ           98%        N/A       1%          2
g - Magic Dart            Conj           100%       1d8       1%          1
h - Orb of Destruction    Conj           33%        9d10      34%         7
i - Leda's Unmaking       Conj/Erth      26%        9d5       30%         6

Your spell library contained the following spells:

 Spells                   Type           Power      Damage    Failure   Level
 Kiss of Death            Conj/Necr      100%       2d13      1%          1
 Volatile Blastmotes      Fire/Tloc      100%       2d18      1%          3
 Sticky Flame             Conj/Fire      71%        2d8       1%          4


Dungeon Overview and Level Annotations

Branches:
Dungeon (1/1)

Altars:
Cheibriados
Dithmenos
Elyvilon
Fedhas
Gozag
Hepliaklqana
Kikubaaqudgha
Makhleb
Nemelex Xobeh
Okawaru
Qazlal
Ru
Sif Muna
Trog
Uskayaw
Vehumet
Wu Jian
Xom
Yredelemnul
Zin
The Shining One
Jiyva
Lugonu

Shops:
D (=*:!=[


Innate Abilities, Weirdness & Mutations

You cannot wear most types of armour.
You are amphibious.
You can wear up to eight rings at the same time.
Your skin changes colour to match your surroundings (Stealth+).
Your rubbery body absorbs attacks. (AC +1, EV +1)
((You are camouflaged when in or above water. (Stealth+)))
You have tentacles for arms and can constrict up to eight enemies at once.
You are clumsy. (Dex -2)
Your body sometimes deteriorates upon taking damage.


Message History

Unknown command.
Unknown command.
Casting: Flame Wave (safe; 1% risk of failure)
Confirm with . or Enter, or press ? or * to list all spells.
Okay, then.
Unknown command.
You feel much better. Something hits you! x2
* * * LOW HITPOINT WARNING * * *
Okay, then.
Unknown command.
Unknown command.
Okay, then.
Unknown command.
Okay, then.
Unknown command.
Unknown command.
Unknown command.
Unknown command.
Casting: Flame Wave (safe; 1% risk of failure)
Confirm with . or Enter, or press ? or * to list all spells.
Okay, then.
Unknown command.
Okay, then.
Unknown command.
Unknown command.
Casting: Flame Wave (safe; 1% risk of failure)
Confirm with . or Enter, or press ? or * to list all spells.
Aiming: Mephitic Cloud (safe; 1% risk of failure)
Press: ? - help, Shift-Dir - straight line
Aim: Disturbance (purple smoke)
The ball explodes into a vile cloud!
The stinking cloud engulfs something but does no damage. x2
The stinking cloud engulfs you but does no damage.
Something hits you but does no damage. Something hits you!
* * * LOW HITPOINT WARNING * * *
Unknown command.
You feel better. Something hits you!
* * * LOW HITPOINT WARNING * * *
Something hits you!
You die...

_###'#[#[(..###.'.#
####.####'###.###.#
..'...'.....')∩##†#
###...###########.#
####.### #§#
.#.#'#.# +.#
.#....§#+..######§#
.#...(.#..n..n{{#§#
.#######...J§§§#@§#
.# n....{~#### .#
...§.~~ .# ...~~~#
## ~~~~## ∩# ####
.# ∩# ##


There were no monsters in sight!

Vanquished Creatures
  2 centaur warriors (D)
  Sonja (D)
  A deep troll (D)
  An oklob plant (D)
  7 shining eyes (D)
  2 kobold demonologists (D)
  A hornet (D)
  Sigmund (D)
  A slime creature (D)
  A yak (D)
  2 redbacks (D)
  5 floating eyes (D)
  An ogre (D)
  7 jellies (D)
  Ijyb (D)
  2 ballistomycete spores (D)
36 creatures vanquished.

Vanquished Creatures (collateral kills)
  A shining eye (D)
  A floating eye (D)
2 creatures vanquished.

Vanquished Creatures (others)
  41 foxfires (D)
41 creatures vanquished.

Grand Total: 79 creatures vanquished

Notes
Turn   | Place    | Note
-------+----------+-------------------------------------------
     0 | D        | Conn the Octopode Fire Elementalist began the quest for the
                  | Orb.
     0 | D        | Reached XP level 1. HP: 11/11 MP: 3/3
     1 | D        | Noticed Ijyb
    11 | D        | Killed Ijyb
    12 | D        | Reached skill level 3 in Spellcasting
    12 | D        | Reached XP level 2. HP: 17/17 MP: 0/6
    12 | D        | Reached XP level 3. HP: 21/21 MP: 0/7
    82 | D        | Learned a level 2 spell: Scorch
    86 | D        | Learned a level 3 spell: Inner Flame
    87 | D        | Noticed an ogre
   103 | D        | Killed an ogre
   104 | D        | Reached skill level 5 in Spellcasting
   104 | D        | Reached XP level 4. HP: 27/27 MP: 1/11
   190 | D        | Learned a level 4 spell: Flame Wave
   201 | D        | Noticed Sigmund
   206 | D        | Killed Sigmund
   207 | D        | Reached skill level 5 in Stealth
   207 | D        | Reached skill level 7 in Spellcasting
   207 | D        | Reached skill level 5 in Conjurations
   207 | D        | Reached XP level 5. HP: 31/31 MP: 2/14
   207 | D        | Reached XP level 6. HP: 36/36 MP: 2/16
   313 | D        | Found an ornate altar of the Wu Jian Council.
   313 | D        | Found a shimmering blue altar of Sif Muna.
   315 | D        | Found a radiant altar of Vehumet.
   328 | D        | Became a worshipper of Sif Muna the Loreminder
   347 | D        | Found Uroajil's Book Emporium.
   347 | D        | Found an ancient bone altar of Kikubaaqudgha.
   347 | D        | Found a hazy altar of Hepliaklqana.
   347 | D        | Found a stormy altar of Qazlal.
   347 | D        | Found a hide-covered altar of Uskayaw.
   347 | D        | Found a blossoming altar of Fedhas.
   347 | D        | Found a bloodstained altar of Trog.
   347 | D        | Found an iron altar of Okawaru.
   347 | D        | Found a basalt altar of Yredelemnul.
   347 | D        | Found a glowing golden altar of the Shining One.
   347 | D        | Found a snail-covered altar of Cheibriados.
   347 | D        | Found a sacrificial altar of Ru.
   347 | D        | Found a glowing silver altar of Zin.
   347 | D        | Found a shadowy altar of Dithmenos.
   347 | D        | Found a white marble altar of Elyvilon.
   347 | D        | Noticed a yak
   352 | D        | Killed a yak
   353 | D        | Reached skill level 8 in Spellcasting
   353 | D        | Reached XP level 7. HP: 41/41 MP: 12/18
   355 | D        | Found an opulent altar of Gozag.
   356 | D        | Found a sparkling altar of Nemelex Xobeh.
   360 | D        | Bought a book of Minor Magic for 216 gold pieces
   368 | D        | Learned a level 3 spell: Mephitic Cloud
   371 | D        | Learned a level 2 spell: Call Imp
   392 | D        | Noticed Sonja
   396 | D        | Killed Sonja
   397 | D        | Reached skill level 9 in Spellcasting
   397 | D        | Reached skill level 10 in Fire Magic
   397 | D        | Reached XP level 8. HP: 46/46 MP: 10/21
   499 | D        | Found Zaghay's Weapon Boutique.
   518 | D        | Noticed a shining eye
   518 | D        | Noticed a shining eye
   518 | D        | Noticed a shining eye
   521 | D        | Paralysed by a floating eye for 2 turns
   524 | D        | Noticed a shining eye
   525 | D        | Reached * piety under Sif Muna
   526 | D        | Reached skill level 10 in Spellcasting
   527 | D        | Paralysed by a floating eye for 3 turns
   537 | D        | Paralysed by a floating eye for 2 turns
   542 | D        | Noticed a shining eye
   651 | D        | Noticed a deep troll
   664 | D        | Killed a deep troll
   665 | D        | Reached skill level 11 in Spellcasting
   665 | D        | Reached skill level 1 in Hexes
   676 | D        | Found Houf's Armour Emporium.
   687 | D        | Learned a level 1 spell: Magic Dart
   776 | D        | Found a burning altar of Makhleb.
   776 | D        | Found a viscous altar of Jiyva.
   776 | D        | Found a shimmering altar of Xom.
   776 | D        | Found a corrupted altar of Lugonu.
   776 | D        | Noticed a slime creature
   787 | D        | Killed a slime creature
   788 | D        | Reached XP level 9. HP: 51/51 MP: 14/24
   856 | D        | Killed a shining eye
   856 | D        | Reached ** piety under Sif Muna
   857 | D        | Reached skill level 12 in Spellcasting
  1004 | D        | Killed a shining eye
  1008 | D        | Paralysed by a floating eye for 4 turns
  1020 | D        | Paralysed by a floating eye for 3 turns
  1024 | D        | Reached *** piety under Sif Muna
  1025 | D        | Gained mutation: You are clumsy. (Dex -2) [a shining eye]
  1026 | D        | Gained mutation: Your body sometimes deteriorates upon
                  | taking damage. [a shining eye]
  1158 | D        | Noticed a shining eye
  1163 | D        | Noticed a shining eye
  1171 | D        | Killed a shining eye
  1172 | D        | Reached skill level 13 in Spellcasting
  1172 | D        | Killed a shining eye
  1173 | D        | Reached XP level 10. HP: 56/56 MP: 5/27
  1283 | D        | Noticed a shining eye
  1289 | D        | Killed a shining eye
  1289 | D        | Reached **** piety under Sif Muna
  1290 | D        | Reached skill level 14 in Spellcasting
  1290 | D        | Reached skill level 5 in Evocations
  1300 | D        | Killed a shining eye
  1304 | D        | Killed a shining eye
  1459 | D        | Killed a shining eye
  1460 | D        | Reached skill level 5 in Summonings
  1470 | D        | Found Deoteape's Jewellery Shoppe.
  1470 | D        | Found Ylaitass's Distillery.
  1470 | D        | Found Sianasah's General Store.
  1470 | D        | Found Siru's Jewellery Boutique.
  1477 | D        | Bought a scroll of acquirement for 520 gold pieces
  1489 | D        | Acquired 713 gold pieces
  1531 | D        | Noticed a kobold demonologist
  1534 | D        | Noticed a kobold demonologist
  1544 | D        | Killed a kobold demonologist
  1544 | D        | Reached ***** piety under Sif Muna
  1545 | D        | Reached skill level 1 in Fighting
  1545 | D        | Reached skill level 15 in Spellcasting
  1545 | D        | Reached skill level 1 in Invocations
  1547 | D        | Noticed a sun demon
  1548 | D        | Killed a kobold demonologist
  1549 | D        | Reached skill level 1 in Poison Magic
  1692 | D        | Noticed a centaur warrior
  1697 | D        | Killed a centaur warrior
  1725 | D        | Noticed a centaur warrior
  1743 | D        | HP: 3/61 [centaur warrior/arrow (28)]
  1744 | D        | Killed a centaur warrior
  1744 | D        | Received a gift from Sif Muna
  1745 | D        | Reached XP level 11. HP: 4/67 MP: 7/30
  1745 | D        | Got Sif Muna's Enchiridion on Trauma and the Mesa {god
                  | gift}
  1955 | D        | Learned a level 7 spell: Orb of Destruction
  1962 | D        | Learned a level 6 spell: Leda's Unmaking
  2062 | D        | Noticed an oklob plant
  2068 | D        | Killed an oklob plant
  2069 | D        | Reached skill level 1 in Earth Magic
  2178 | D        | Received a gift from Sif Muna
  2181 | D        | Slain by an unseen horror

Illustrated notes

Levels and vault maps discovered:
D:        dungeon_sprint_1 [red_sonja_temple_1, red_sonja_temple_small_1]

Skill      XL: |  1  2  3  4  5  6  7  8  9 10 11 |
---------------+----------------------------------+-----
Stealth        | 3 4 5 |  5.9
Spellcasting   | 3 5 7 8 9 11 13 15 | 15.8
Conjurations   | 2 3 5 6 7 8 9 |  9.9
Fire Magic     | 4 6 8 9 10 12 13 | 13.7
Dodging        | 3 4 |  4.4
Summonings     | 3 4 5 |  5.2
Air Magic      | 3 4 |  4.8
Hexes          | 1 2 3 |  3.0
Evocations     | 4 5 |  5.9
Fighting       | 3 4 |  4.2
Invocations    | 3 4 |  4.5
Poison Magic   | 1 2 |  2.0
Earth Magic    | 2 |  2.0
Throwing       | |  0.8

Action                     |  1- 3 |  4- 6 |  7- 9 | 10-12 || total
---------------------------+-------+-------+-------+-------++-------
  Melee: Unarmed           |     5 |       |       |       ||     5
         Constrict         |     1 |       |       |     1 ||     2
         Tentacles         |     1 |       |       |       ||     1
         Short sword       |       |       |       |     2 ||     2
  Throw: Dart              |       |       |     1 |     1 ||     2
   Cast: Foxfire           |     1 |     3 |    12 |    14 ||    30
         Scorch            |     3 |     4 |    30 |    43 ||    80
         Inner Flame       |       |     1 |    14 |     2 ||    17
         Call Imp          |       |       |     6 |     5 ||    11
         Mephitic Cloud    |       |       |     6 |     7 ||    13
         Flame Wave        |       |       |       |     5 ||     5
  Evoke: Wand              |     1 |       |       |       ||     1
    Use: Potion            |     1 |       |       |     2 ||     3
         Scroll            |       |       |     1 |     2 ||     3
 Armour: Skin              |     1 |       |       |    21 ||    22
  Dodge: Dodged            |     1 |       |     1 |     5 ||     7

Table legend: (Time is in decaauts)
 A = Elapsed time spent in this place.
 B = Non-inter-level travel time spent in this place.
 C = Inter-level travel time spent in this place.
 D = Time resting spent in this place.
 E = Time spent auto-exploring this place.
 F = Levels seen in this place.
 G = Mean time per level.
                   A        B        C        D        E       F      G
               +--------+--------+--------+--------+--------+-----+--------+
         Total |   2184 |   2184 |      0 |   1383 |      0 |   1 | 2184.0 |
       Dungeon |   2184 |   2184 |      0 |   1383 |      0 |   1 | 2184.0 |
               +--------+--------+--------+--------+--------+-----+--------+

Top non-repeatable levels by time:
       D: 2184 daAuts
